 Dungeon Crawl Stone Soup version 0.30-a0-760-g5a9884bb7c (webtiles) character file.

Game seed: 809185064732194673

7080 dracfodder the Geomancer (level 11, -36/58 HPs)
             Began as a Gargoyle Earth Elementalist on Feb 9, 2023.
             Was a Follower of Vehumet.
             Annihilated by a very large slime creature (43 damage)
             ... on level 10 of the Dungeon on Feb 10, 2023.
             The game lasted 00:48:55 (11221 turns).

dracfodder the Geomancer (GrEE)                    Turns: 11221, Time: 00:48:56

Health: -36/58     AC: 19    Str: 11    XL:     11   Next: 9%
Magic:  3/24       EV: 12    Int: 21    God:    Vehumet [*.....]
Gold:   554        SH:  0    Dex: 10    Spells: 12/28 levels left

rFire   . . .      SeeInvis .    b - staff of earth
rCold   + . .      Faith    .    (no shield)
rNeg    + . .      Spirit   .    v - +0 steam dragon scales
rPois   ∞          Reflect  .    D - +2 hat
rElec   +          Harm     .    (no cloak)
rCorr   .          Rampage  .    g - +2 pair of gloves
Will    .....                    A - +0 pair of boots
Stlth   ++                       (no amulet)
HPRegen 0.29/turn                m - ring of protection from cold
MPRegen 0.19/turn                (no ring)

@: no status effects
A: sickness immunity, AC +8, negative energy resistance 1, electricity
resistance, torment resistance 1, petrification resistance
a: Renounce Religion


You were on level 10 of the Dungeon.
You worshipped Vehumet.
Vehumet was aware of your devotion.
You visited 3 branches of the dungeon, and saw 12 of its levels.

You collected 554 gold pieces.

Inventory:

Hand Weapons
 a - a +4 halberd of protection
 i - a +0 sling
 u - a +6 scimitar of protection
 B - a +2 flail of holy wrath
Missiles
 e - a throwing net
 j - 32 poisoned darts
Armour
 g - a +2 pair of gloves (worn)
 s - a +0 robe
 v - +0 steam dragon scales (worn)
 A - a +0 pair of boots (worn)
 D - a +2 hat (worn)
Magical Staves
 b - a staff of earth (weapon)
Jewellery
 m - a ring of protection from cold (left hand)
 t - a ring of ice
Wands
 q - a wand of paralysis (3)
 y - a wand of light (11)
Scrolls
 c - 2 scrolls of blinking
 w - a scroll of teleportation
 C - a scroll of identify
 E - a scroll of fog
Potions
 d - a potion of might
 f - 6 potions of curing
 h - 3 potions of magic
 k - 2 potions of haste
 l - a potion of berserk rage
 n - 3 potions of heal wounds
 o - 3 potions of resistance
 p - 2 potions of brilliance {unknown}
 r - 2 potions of invisibility {unknown}
 x - 2 potions of mutation {unknown}
 z - a potion of degeneration {unknown}


   Skills:
 + Level 2.3 Fighting
 + Level 0.5 Short Blades
 + Level 0.8 Polearms
 + Level 0.2(0.6) Staves
 + Level 2.2 Throwing
 + Level 2.9 Dodging
 + Level 4.3 Stealth
 + Level 9.4 Spellcasting
 + Level 5.6 Conjurations
 + Level 1.2 Transmutations
 + Level 12.9 Earth Magic
 + Level 1.4 Evocations


You had 12 spell levels left.
You knew the following spells:

 Your Spells              Type           Power      Damage    Failure   Level
a - Magic Dart            Conj           100%       1d8       1%          1
b - Sandblast             Erth           100%       2d20      1%          1
c - Stone Arrow           Conj/Erth      100%       3d13      1%          3
d - Petrify               Tmut/Erth      56%        N/A       3%          4
e - Passwall              Tmut/Erth      46%        N/A       1%          2
f - Lee's Rapid Deconstr  Erth           38%        3d19*     1%          5

Your spell library contained the following spells:

 Spells                   Type           Power      Damage    Failure   Level
 Momentum Strike          Conj/Tloc      42%        3d9       3%          2
 Hailstorm                Conj/Ice       21%        3d6       6%          3
 Blink                    Tloc           18%        N/A       11%         2
 Lesser Beckoning         Tloc           18%        N/A       11%         2
 Gell's Gravitas          Tloc           9%         N/A       21%         3
 Kindle Blastsparks       Fire/Tloc/Air  18%        2d11      21%         3
 Teleport Other           Tloc           9%         N/A       21%         3
 Fulminant Prism          Conj/Hex       10%        3d8       22%         4
 Iskenderun's Mystic Bla  Conj/Tloc      21%        2d6       22%         4
 Ice Form                 Ice/Tmut       12%        N/A       45%         4
 Simulacrum               Ice/Necr       4%         N/A       100%        6


Dungeon Overview and Level Annotations

Branches:
Dungeon (10/15)            Temple (1/1) D:6            Lair (1/5) D:8
    Orc: D:9-12

Altars:
Ashenzari
Cheibriados
Dithmenos
Elyvilon
Fedhas
Gozag
Hepliaklqana
Kikubaaqudgha
Makhleb
Nemelex Xobeh
Okawaru
Qazlal
Ru
Sif Muna
Trog
Uskayaw
Vehumet
Wu Jian
Xom
Yredelemnul
Zin
The Shining One

Shops:
D:2 =   D:4 [

Annotations:
D:6 1 runed translucent door, Crazy Yiuf


Innate Abilities, Weirdness & Mutations

You are immune to sickness and miasma.
Your stone body is resilient. (AC +8)
You are immune to poison.
You resist negative energy. (rN+)
You are resistant to electric shocks. (rElec)
You are resistant to unholy torment.
You are immune to petrification.


Message History

Press: ? - help, Q - select action, (/) - cycle Shift-Dir - straight line, f - very large slime creature
Aim: a very large slime creature (moderately wounded, 95% to hit)
You feel a surge of power!
The stone arrow hits the very large slime creature!!
The very large slime creature is moderately wounded.
Casting: Stone Arrow (safe; 1% risk of failure)
Confirm with . or Enter, or press ? or * to list all spells.
Aiming: Lee's Rapid Deconstruction (dangerous; 1% risk of failure)
Press: ? - help, Dir - move target, p - very large slime creature A rock wall.
You feel a surge of power!
The wall shatters!
The blast of rock fragments hits the very large slime creature!!!
The very large slime creature is heavily wounded.
The blast of rock fragments hits the centaur!!
You kill the centaur!
Vehumet accepts your kill.
The very large slime creature hits you but does no damage.
Aiming: Stone Arrow (safe; 1% risk of failure)
Press: ? - help, Q - select action, (/) - cycle Shift-Dir - straight line You feel a surge of power!
The stone arrow hits the very large slime creature!
The very large slime creature is severely wounded.
The very large slime creature hits you!!!
Ouch! That really hurt!
* * * LOW HITPOINT WARNING * * *
Aiming: Stone Arrow (safe; 1% risk of failure)
Press: ? - help, Q - select action, (/) - cycle Shift-Dir - straight line You feel a surge of power!
The stone arrow hits the very large slime creature!!
The very large slime creature is severely wounded.
The very large slime creature hits you!
* * * LOW HITPOINT WARNING * * *
Aiming: Stone Arrow (safe; 1% risk of failure)
Press: ? - help, Q - select action, (/) - cycle Shift-Dir - straight line You feel a surge of power!
The stone arrow hits the very large slime creature!!
The very large slime creature is almost dead.
The very large slime creature hits you!!!
Ouch! That really hurt!
You die...

#......) #≈≈ #.....## ≈≈≈
#......## ≈≈≈ ##......... ###
#.....# .. # #.....# . #
+J....#.# #
##############.....#.# #
........@J)..........#
#########################....#
#.......# #..........#....#.#
#.#####.# #.####............#
..#...#.# #...##......##.#.##
###+#.#.# ######.####.# ...#
#.....#.# #...........# #.##
#.....#.# #.####..##### .#
#.....#.######.# #....# ##


You could see a very large slime creature.

Vanquished Creatures
  Maggie (D:7)
  A troll (D:9)
  A wyvern (D:7)
  15 yaks
  3 steam dragons
  A water moccasin (D:6)
  3 orc warriors
  An ice beast (D:8)
  A black bear (D:5)
  3 ogres
  4 centaurs
  2 phantoms
  2 gnoll sergeants
  A bullfrog (D:9)
  2 necrophages
  6 scorpions
  19 wights
  2 electric eels (D:10)
  5 hounds
  2 orc priests
  A jelly (D:4)
  2 gnoll boudas
  Ijyb (D:5)
  4 iguanas
  A statue (D:5)
  Robin (D:3)
  20 gnolls
  14 adders
  4 white imps
  A worm (D:3)
  4 dart slugs
  17 orcs
  7 ball pythons
  3 bats
  7 endoplasms
  12 goblins
  6 hobgoblins
  13 jackals
  4 kobolds
  4 quokkas
  3 frilled lizards
  4 rats
208 creatures vanquished.

Vanquished Creatures (others)
  A goblin (D:3)
  A ball python (D:4)
2 creatures vanquished.

Grand Total: 210 creatures vanquished

Notes
Turn   | Place    | Note
-------+----------+-------------------------------------------
     0 | D:1      | dracfodder the Gargoyle Earth Elementalist began the quest
                  | for the Orb.
     0 | D:1      | Reached XP level 1. HP: 10/10 MP: 3/3
   177 | D:1      | Reached XP level 2. HP: 15/15 MP: 3/5
   180 | D:1      | Learned a level 2 spell: Passwall
   248 | D:1      | Reached skill level 4 in Earth Magic
   695 | D:2      | Reached XP level 3. HP: 16/19 MP: 0/6
   824 | D:2      | Learned a level 3 spell: Stone Arrow
   855 | D:2      | Found Vayck's Jewellery Shop.
  1108 | D:2      | Reached skill level 5 in Earth Magic
  1108 | D:2      | Reached XP level 4. HP: 24/24 MP: 5/8
  2038 | D:3      | Noticed Robin
  2047 | D:3      | Killed Robin
  2048 | D:3      | Reached XP level 5. HP: 27/28 MP: 1/9
  2890 | D:4      | Noticed an ogre
  2896 | D:4      | Killed an ogre
  2897 | D:4      | Reached skill level 6 in Earth Magic
  2897 | D:4      | Reached XP level 6. HP: 33/33 MP: 5/12
  3022 | D:4      | Reached XP level 7. HP: 23/37 MP: 4/13
  3097 | D:4      | Found Ekecrelyot's Armour Shop.
  3443 | D:4      | Found a shimmering altar of Xom.
  3611 | D:4      | Reached skill level 7 in Earth Magic
  3669 | D:4      | Reached skill level 5 in Spellcasting
  3669 | D:4      | Reached skill level 1 in Conjurations
  4257 | D:5      | Entered Level 5 of the Dungeon
  4259 | D:5      | Reached XP level 8. HP: 42/42 MP: 12/16
  4301 | D:5      | Reached skill level 1 in Throwing
  4402 | D:5      | Learned a level 4 spell: Petrify
  4809 | D:5      | Reached skill level 1 in Transmutations
  4916 | D:5      | Reached skill level 8 in Earth Magic
  5001 | D:5      | Noticed Ijyb
  5006 | D:5      | Paralysed by Ijyb for 3 turns
  5009 | D:5      | Killed Ijyb
  5402 | D:5      | Found a radiant altar of Vehumet.
  5411 | D:5      | Became a worshipper of Vehumet
  5516 | D:5      | Found a blossoming altar of Fedhas.
  6031 | D:6      | Found a runed translucent door.
  6060 | D:6      | Noticed Crazy Yiuf
  6111 | D:6      | Reached XP level 9. HP: 27/46 MP: 13/19
  6323 | D:6      | Found a staircase to the Ecumenical Temple.
  6475 | D:6      | Reached skill level 1 in Fighting
  6475 | D:6      | Reached skill level 9 in Earth Magic
  6588 | D:6      | Found a broken altar of Ashenzari.
  6588 | D:6      | Found a glowing golden altar of the Shining One.
  6664 | Temple   | Entered the Ecumenical Temple
  6868 | D:7      | Noticed Maggie
  6883 | D:7      | Killed Maggie
  7050 | D:7      | Found Zaetaat's Book Shoppe.
  7159 | D:7      | Reached * piety under Vehumet
  7159 | D:7      | Offered knowledge of Magic Dart by Vehumet.
  7164 | D:7      | Learned a level 1 spell: Magic Dart
  7343 | D:7      | Reached skill level 10 in Earth Magic
  7435 | D:7      | Learned a level 5 spell: Lee's Rapid Deconstruction
  7539 | D:7      | Reached skill level 1 in Evocations
  7977 | D:8      | Found an ornate altar of the Wu Jian Council.
  8036 | D:7      | Reached XP level 10. HP: 47/53 MP: 15/22
  8191 | D:7      | Reached skill level 11 in Earth Magic
  9293 | D:8      | Found a staircase to the Lair.
  9538 | Lair:1   | Entered Level 1 of the Lair of Beasts
  9821 | D:9      | Reached skill level 12 in Earth Magic
 10406 | D:9      | Reached skill level 5 in Conjurations
 10419 | D:9      | Reached XP level 11. HP: 29/58 MP: 13/24
 10746 | D:10     | Entered Level 10 of the Dungeon
 11150 | D:10     | Upgraded the game from 0.30-a0-757-ga6a79fd877 to
                  | 0.30-a0-760-g5a9884bb7c
 11221 | D:10     | Annihilated by a very large slime creature

Illustrated notes

Levels and vault maps discovered:
D:1:      dpeg_arrival_round_c, layout_rooms
D:2:      layout_loops_ring, serial_co_window_serial, co_window_paths_b,
          co_window_paths_a, co_window_paths_a, co_window_of_opportunity_a,
          co_window_of_opportunity_a, co_window_paths_a, co_window_2corner,
          co_window_unsneaky_path_c, co_window_cross_3, co_window_corner_b,
          co_window_paths_c, glass_columns_b, glass_columns_a, glass_columns_b,
          glass_columns_c, serial_shops, shop
D:3:      layout_rooms, uniq_robin
D:4:      layout_rooms, xom_confusion_cloud, minmay_parallelograms,
          hangedman_abyss_or_decor_stabs, nicolae_take_the_stairs
D:5:      layout_layer_cave, fedhas_altar_fruit_tree, vehumet_statue,
          minmay_door_square, uniq_ijyb
D:6:      layout_rooms, gammafunk_temple_overflow_statue,
          minmay_temple_entry_overgrown, uniq_crazy_yiuf_cottage
D:7:      layout_basic, serial_shops, nicolae_shop_hallway_plus, uniq_maggie
D:8:      layout_cave_pods, mainiacjoe_overflow_boulevard, lair_entry_dummy
D:9:      layout_irregular_city
D:10:     minmay_the_grid_triangle_9x9_recursive_2
          [minmay_the_grid_triangle_9x9_prize_center,
          minmay_the_grid_triangle_9x9_limited_checkers,
          minmay_the_grid_triangle_9x9_swiss_cheese,
          minmay_the_grid_triangle_9x9_subtriangle], layout_basic,
          water_boxes_lemuel
Temple:   kb_temple_of_zot
Lair:1:   lemuel_slime, layout_long_grid, gammafunk_ghost_necromancy,
          serial_bayou_shore_b, serial_bayou_shore_b

Skill      XL: |  1  2  3  4  5  6  7  8  9 10 |
---------------+-------------------------------+-----
Earth Magic    | 4 5 6 7 8 10 12 | 12.9
Spellcasting   | 3 4 5 6 8 9 |  9.4
Dodging        | 2 |  2.9
Stealth        | 3 4 |  4.3
Conjurations   | 1 2 3 5 |  5.6
Throwing       | 1 2 |  2.2
Transmutations | 1 |  1.2
Fighting       | 2 |  2.3
Evocations     | 1 |  1.4
Short Blades   | |  0.5
Polearms       | |  0.8
Staves         | |  0.2

Action                     |  1- 3 |  4- 6 |  7- 9 | 10-12 || total
---------------------------+-------+-------+-------+-------++-------
  Melee: Short sword       |    22 |     1 |       |       ||    23
         Staff             |       |    16 |       |     4 ||    20
         Halberd           |       |       |       |    25 ||    25
  Throw: Dart              |       |     6 |    19 |       ||    25
         Throwing net      |       |       |     1 |       ||     1
   Cast: Sandblast         |    41 |    50 |    73 |    33 ||   197
         Stone Arrow       |       |     8 |    55 |    40 ||   103
         Petrify           |       |       |     2 |     6 ||     8
         Lee's Rapid Decon |       |       |     5 |    19 ||    24
         Magic Dart        |       |       |       |    10 ||    10
         Passwall          |       |       |       |     1 ||     1
  Evoke: Wand              |       |       |     2 |     1 ||     3
    Use: Scroll            |       |     5 |    10 |     3 ||    18
         Potion            |       |       |       |     1 ||     1
 Armour: Robe              |    16 |    20 |    13 |       ||    49
         Steam dragon scal |       |       |     4 |    44 ||    48
  Dodge: Dodged            |    16 |    38 |    20 |    64 ||   138

Table legend: (Time is in decaauts)
 A = Elapsed time spent in this place.
 B = Non-inter-level travel time spent in this place.
 C = Inter-level travel time spent in this place.
 D = Time resting spent in this place.
 E = Time spent auto-exploring this place.
 F = Levels seen in this place.
 G = Mean time per level.
                   A        B        C        D        E       F      G
               +--------+--------+--------+--------+--------+-----+--------+
         Total |  11336 |  10797 |    539 |   2667 |   6530 |  12 |  944.7 |
       Dungeon |  11228 |  10704 |    524 |   2667 |   6450 |  10 | 1122.8 |
        Temple |    106 |     91 |     15 |      0 |     80 |   1 |  106.0 |
          Lair |      1 |      1 |      0 |      0 |      0 |   1 |    1.0 |
               +--------+--------+--------+--------+--------+-----+--------+

Top non-repeatable levels by time:
     D:7: 1524 daAuts
     D:5: 1489 daAuts
     D:4: 1431 daAuts
     D:8: 1267 daAuts
     D:9: 1200 daAuts
     D:2: 1171 daAuts
     D:3: 1045 daAuts
     D:6: 960 daAuts
     D:1: 664 daAuts
    D:10: 473 daAuts
  Temple: 106 daAuts
  Lair:1: 1 daAuts
